 Dungeon Crawl Stone Soup version 0.29.1-12-g30fa7ad0bf (webtiles) character file.

Game seed: 4746637185111237932

100 warriortoast the Shooter (level 4, -7/20 (23) HPs)
             Began as a Spriggan Hunter on Dec 14, 2022.
             Mangled by a hell rat (14 damage)
             ... in a sewer.
             The game lasted 00:02:06 (2087 turns).

warriortoast the Shooter (Spriggan Hunter)          Turns: 2087, Time: 00:02:07

HP:   -7/20 (23)    AC:  3    Str:  7    XL:     4   Next: 47%
MP:   5/5           EV: 19    Int: 10    God:
Gold: 157           SH:  0    Dex: 20    Spells: 3/3 levels left

rFire   . . .      SeeInvis +   a - +0 shortbow
rCold   . . .      Faith    .   (shield currently unavailable)
rNeg    . . .      Spirit   .   c - +0 robe
rPois   .          Reflect  .   (helmet restricted)
rElec   .          Harm     .   h - +0 cloak
rCorr   .          Rampage  .   (gloves unavailable)
Will    .....                   (boots unavailable)
Stlth   +++.......              d - amulet of regeneration
HPRegen 0.86/turn               (no ring)
MPRegen 0.09/turn               (no ring)

@: heavily drained, very quick
A: very small, no large weapons, unfitting armour, see invisible, speed 3
a: no special abilities


You were in a sewer.
You visited 1 branch of the dungeon, and saw 3 of its levels.
You also visited: Sewer.

You collected 157 gold pieces.

Inventory:

Hand Weapons
 a - a +0 shortbow (weapon)
Armour
 c - a +0 robe (worn)
 h - a +0 cloak (worn)
Jewellery
 d - an amulet of regeneration (around neck)
Scrolls
 b - a scroll of immolation
 g - 4 scrolls of identify {unknown}
 j - a scroll of enchant weapon {unknown}
 k - a scroll of vulnerability {unknown}
 l - a scroll of teleportation {unknown}
Potions
 e - a potion of haste {unknown}
 f - 2 potions of curing {unknown}
 i - a potion of might {unknown}


   Skills:
 + Level 2.3 Fighting
 + Level 4.5 Ranged Weapons
 + Level 3.9 Dodging
 + Level 3.6 Stealth


You had 3 spell levels left.
You didn't know any spells.
Your spell library was empty.

Dungeon Overview and Level Annotations

Branches:
Dungeon (3/15)              Sewer (1/1)

Altars:


Innate Abilities, Weirdness & Mutations

You are very small and have problems with some larger weapons.
You are too small for most types of armour.
You have supernaturally acute eyesight. (SInv)
You cover ground extremely quickly. (Speed+++)


Message History

You shoot an arrow. The arrow barely misses the hell rat.
The hell rat completely misses you. x2
You shoot an arrow.
The arrow hits the hell rat but does no damage.
The hell rat is lightly wounded.
The hell rat barely misses you.
You shoot an arrow.
The arrow completely misses the hell rat.
The hell rat closely misses you. The hell rat misses you.
You shoot an arrow. The arrow hits the hell rat!
The hell rat is severely wounded.
The hell rat misses you.
You shoot an arrow.
The arrow hits the hell rat but does no damage.
The hell rat is severely wounded.
The hell rat bites you!
You feel drained. The hell rat misses you.
You shoot an arrow.
The arrow completely misses the hell rat.
The hell rat completely misses you.
You shoot an arrow. The arrow barely misses the hell rat.
The hell rat barely misses you.
A river rat comes into view.
The hell rat completely misses you.
You shoot an arrow. The arrow barely misses the hell rat.
The hell rat barely misses you.
You shoot an arrow. The arrow hits the hell rat.
The hell rat is almost dead.
The hell rat closely misses you. The hell rat misses you.
You shoot an arrow.
The arrow hits the hell rat but does no damage.
The hell rat is severely wounded.
The hell rat bites you!
You feel drained.
* * * LOW HITPOINT WARNING * * *
You are too injured to fight recklessly!
You are too injured to fight recklessly!
You are too injured to fight recklessly!
The river rat attacks as you move away! The river rat closely misses you.
The hell rat closely misses you. The hell rat bites you!
Ouch! That really hurt!
You die...

~.~~~~. ##~.
~.~## #~.~
#~..# ##~†
~##.~## #.~~
...#~~.#
#.~##~~(##~~#
#~~#.~~?!#~†#
#~rr~~~!∩#∩∩#
#†@#~~~??#..#
#.~##~~!##~†#
#~~~# ~.#~..#
##..## ##~~##
#~..###..~#
##..~..~~##
#~.~~~~.#
###..~###
#####


You could see a hell rat and a river rat.

Vanquished Creatures
  3 adders (D:2)
  3 river rats
  4 orcs (D:2)
  3 ball pythons
  4 bats
  A giant cockroach (D:1)
  4 goblins
  6 hobgoblins
  2 quokkas (D:1)
  A frilled lizard (D:1)
  3 kobolds (D:2)
  9 rats
43 creatures vanquished.

Notes
Turn   | Place    | Note
-------+----------+-------------------------------------------
     0 | D:1      | warriortoast the Spriggan Hunter began the quest for the
                  | Orb.
     0 | D:1      | Reached XP level 1. HP: 10/10 MP: 2/2
   291 | D:1      | Reached XP level 2. HP: 15/15 MP: 3/3
   871 | D:2      | Found a faded altar of an unknown god.
  1279 | D:2      | Reached XP level 3. HP: 14/18 MP: 4/4
  1892 | D:3      | Found a glowing drain.
  1898 | D:3      | Reached XP level 4. HP: 23/23 MP: 5/5
  1911 | Sewer    | Entered a sewer
  2087 | Sewer    | Mangled by a hell rat

Illustrated notes

Levels and vault maps discovered:
D:1:      zelgadis_glass_arrival_small, layout_basic, minmay_crystal_room,
          minmay_tetromino_o4
D:2:      layout_basic, hellmonk_ecumenical_altar_pennies_from_heaven,
          minivault_26
D:3:      layout_rooms, portal_sewer_entry_a, kennysheep_generic_room_6
Sewer:    sewer_hellmonk_bad_rat

Skill      XL: |  1  2  3 |
---------------+----------+-----
Stealth        | 2 3 |  3.6
Dodging        | 3 |  3.9
Fighting       | 2 |  2.3
Ranged Weapons | |  4.5

Action                   |  1- 3 |  4- 6 || total
-------------------------+-------+-------++-------
 Fire: Shortbow          |   102 |    55 ||   157
Armor: Robe              |     3 |     2 ||     5
Dodge: Dodged            |    33 |    40 ||    73
